 Dungeon Crawl Stone Soup version 0.20.0-10-g0535bb4 (webtiles) character file.

3677 grindst0ne the Grappler (level 9, -2/80 HPs)
             Began as a Troll Monk on June 4, 2017.
             Slain by a hornet (8 damage)
             ... while paralysed by a hornet
             ... on level 8 of the Dungeon.
             The game lasted 00:15:02 (7804 turns).

grindst0ne the Grappler (Troll Monk)                Turns: 7804, Time: 00:15:03

Health: -2/80      AC:  7    Str: 17    XL:     9   Next: 89%
Magic:  7/7        EV:  1    Int:  8    God:
Gold:   399        SH:  0    Dex: 15    Spells: 8/8 levels left

rFire    + + .     SeeInvis .     - Unarmed
rCold    + . .     Gourm    +   (no shield)
rNeg     . . .     Faith    +   a - +0 robe
rPois    +         Spirit   .   D - +2 hat
rElec    +         Reflect  .   j - +0 cloak
rCorr    +         Harm     .   (gloves unavailable)
MR       .....     Clarity  +   (boots unavailable)
Stlth    ++........             A - amulet of faith
Regen    0.7/turn               B - ring of protection from fire
MPRegen  0.1/turn               (no ring)

@: paralysed, lethally poisoned (-2 -> -5), resistant
A: unfitting armour, claws 3, clarity, clever 1, deformed body, fast metabolism
3, gourmand, low mp 1, regeneration 1, shaggy fur 1, tough skin 2, weak 2
a: no special abilities


You were on level 8 of the Dungeon.
You were hungry.

You visited 2 branches of the dungeon, and saw 9 of its levels.

You collected 399 gold pieces.

Inventory:

Armour
 a - a +0 robe (worn)
 j - a +0 cloak (worn)
 D - a +2 hat (worn)
Jewellery
 l - an uncursed amulet of guardian spirit
 A - an amulet of faith (around neck)
 B - a ring of protection from fire (left claw)
Wands
 t - a wand of scattershot (5/9)
 y - a wand of lightning (8/15)
 C - a wand of iceblast (0/15)
 E - a wand of clouds (2/9)
 G - a wand of acid (1/15)
 I - a wand of acid (4/15)
Scrolls
 d - 2 scrolls of identify
 e - 3 scrolls of immolation
 f - 2 scrolls of random uselessness {unknown}
 g - a scroll of recharging {unknown}
 h - 7 scrolls of remove curse {unknown}
 i - a scroll of enchant weapon {unknown}
 k - 7 scrolls of amnesia {unknown}
 p - 5 scrolls of teleportation {unknown}
 s - a scroll of silence {unknown}
 v - 2 scrolls of blinking {unknown}
 x - a scroll of magic mapping {unknown}
Potions
 c - 4 potions of lignification
 m - 4 potions of might
 o - 2 potions of degeneration
 q - 2 potions of agility
 r - a potion of cancellation
 u - a potion of magic {unknown}
 w - 2 potions of flight
 z - 2 potions of resistance
 H - a potion of ambrosia {unknown}
 J - a potion of curing {unknown}
 K - 2 potions of heal wounds
Comestibles
 b - 5 bread rations
 n - 2 meat rations
 F - 3 fruits


   Skills:
 - Level 2.4 Fighting
 + Level 8.9 Dodging
 - Level 1.0 Stealth
 + Level 10.4 Unarmed Combat


You had 8 spell levels left.
You didn't know any spells.

Dungeon Overview and Level Annotations

Branches:
Dungeon (8/15)             Temple (1/1) D:7            Lair (0/6) D:8

Altars:
Ashenzari
Cheibriados
Dithmenos
Elyvilon
Fedhas
Gozag
Hepliaklqana
Kikubaaqudgha
Makhleb
Nemelex Xobeh
Okawaru
Qazlal
Ru
Sif Muna
Trog
Uskayaw
Vehumet
Xom
Yredelemnul
Zin
The Shining One


Innate Abilities, Weirdness & Mutations

You are too large for most types of armour.
You have claws for hands.
Your metabolism is lightning-fast.
You like to eat raw meat.
Your natural rate of healing is unusually fast.
You are covered in fur. (AC +1)
You have very tough skin. (AC +2)
You possess an exceptional clarity of mind.
Your mind is acute. (Int +2)
Armour fits poorly on your strangely shaped body.
Your magical capacity is low. (-10% MP)
You are very weak. (Str -4)


Message History

You shrug off the repeated paralysis!
You feel yourself speed up.
You feel very sick. The hornet closely misses you.
The hornet stings you but does no damage.
It was a potion of resistance.
You feel protected.
You feel sick. The hornet stings you!
* * * LOW HITPOINT WARNING * * *
It was a potion of heal wounds.
You feel much better.
You feel sick. The hornet stings you. The hornet misses you.
You claw the hornet!
The hornet is moderately wounded.
You feel sick. The hornet stings you!
* * * LOW HITPOINT WARNING * * *
You suddenly lose the ability to move!
You feel sick. The hornet stings you!
* * * LOW HITPOINT WARNING * * *
The hornet stings you!
You die...

#........#
#..........♣
#........#
#######.####......
#........#
#.......# ##.#.#..
###+######
#.......# #.....).
#.......# #..##..#
#### ##......#
#.......
#.#[#.#.....##
#.######
#a#.##.....# #.#
#... #†#y@.....#
##.###[##
#.#a##.#####
#......# ######.#
#####..# ### #..##
#.... #######.###
#.........#
#.........#
#.......≈≈≈


You could see a soldier ant and a hornet.

Vanquished Creatures
  A troll (D:8)
  A hornet (D:8)
  Eustachio (D:6)
  A hungry ghost (D:4)
  Menkaure (D:5)
  3 ice beasts
  A black bear (D:7)
  2 sky beasts
  3 ogres
  A phantom (D:5)
  2 wolves (D:8)
  3 centaurs
  A big kobold (D:7)
  A scorpion (D:7)
  5 killer bees (D:8)
  6 electric eels
  3 howler monkeys
  3 crimson imps
  6 hounds
  2 jellies (D:7)
  4 orc wizards
  An orc priest (D:7)
  An iguana (D:7)
  Jessica (D:2)
  7 worker ants
  A hound skeleton (D:7)
  5 adders
  2 shadow imps
  3 oozes
  2 worms
  2 dart slugs
  6 leopard geckos
  12 orcs
  2 ball pythons
  9 giant cockroaches
  6 goblins
  2 hobgoblins (D:1)
  6 jackals
  4 quokkas
  8 bats
  5 frilled lizards
  4 kobolds
  A leopard gecko zombie (D:6)
  5 rats
146 creatures vanquished.

Vanquished Creatures (others)
  An adder (D:7)
1 creature vanquished.

Grand Total: 147 creatures vanquished

Notes
Turn   | Place    | Note
-------+----------+-------------------------------------------
     0 | D:1      | grindst0ne the Troll Monk began the quest for the Orb.
     0 | D:1      | Reached XP level 1. HP: 22/22 MP: 0/0
    46 | D:1      | Found a sparkling altar of Nemelex Xobeh.
    87 | D:1      | Reached XP level 2. HP: 29/29 MP: 1/1
   632 | D:2      | Reached XP level 3. HP: 36/36 MP: 2/2
   754 | D:2      | Found a hazy altar of Hepliaklqana.
   995 | D:2      | Found a snail-covered altar of Cheibriados.
  1097 | D:2      | Noticed Jessica
  1107 | D:2      | Killed Jessica
  1107 | D:2      | Reached skill level 4 in Unarmed Combat
  1107 | D:2      | Reached XP level 4. HP: 40/44 MP: 3/3
  1207 | D:3      | Found a glowing golden altar of the Shining One.
  1570 | D:3      | Found a transporter.
  1645 | D:3      | Reached XP level 5. HP: 48/50 MP: 4/4
  1742 | D:3      | Found a transporter.
  1753 | D:3      | Gained mutation: Armour fits poorly on your strangely shaped body. [potion of mutation]
  1753 | D:3      | Gained mutation: You possess an exceptional clarity of mind. [potion of mutation]
  2629 | D:4      | Noticed a hungry ghost
  2642 | D:4      | Killed a hungry ghost
  2642 | D:4      | Reached skill level 5 in Unarmed Combat
  2642 | D:4      | Reached XP level 6. HP: 53/59 MP: 5/5
  2745 | D:4      | Found a burning altar of Makhleb.
  2907 | D:4      | Found a sparkling altar of Nemelex Xobeh.
  2973 | D:5      | Entered Level 5 of the Dungeon
  3784 | D:5      | Noticed Menkaure
  3794 | D:5      | Killed Menkaure
  3794 | D:5      | Reached skill level 5 in Dodging
  3794 | D:5      | Reached skill level 6 in Unarmed Combat
  3794 | D:5      | Reached XP level 7. HP: 59/66 MP: 6/6
  3945 | D:6      | Noticed Eustachio
  4017 | D:6      | Killed Eustachio
  4173 | D:6      | Found a sparkling altar of Nemelex Xobeh.
  4276 | D:6      | Found a shimmering altar of Xom.
  4651 | D:6      | Reached skill level 7 in Unarmed Combat
  4708 | D:6      | Reached XP level 8. HP: 66/74 MP: 7/7
  4859 | D:7      | Gained mutation: You are weak. (Str -2) [mutagenic meat]
  4861 | D:7      | Gained mutation: You are very weak. (Str -4) [mutagenic meat]
  4862 | D:7      | Gained mutation: Your mind is acute. (Int +2) [mutagenic meat]
  4863 | D:7      | Gained mutation: Your magical capacity is low. (-10% MP) [mutagenic meat]
  4995 | D:7      | Found a radiant altar of Vehumet.
  4997 | D:7      | Reached skill level 8 in Unarmed Combat
  5190 | D:7      | HP: 1/74 [electric eel/bolt of electricity (8)]
  5367 | D:7      | Found a hide-covered altar of Uskayaw.
  5565 | D:7      | Found a staircase to the Ecumenical Temple.
  5671 | D:7      | Reached XP level 9. HP: 5/80 MP: 7/7
  6125 | Temple   | Entered the Ecumenical Temple
  6302 | D:8      | Found a white marble altar of Elyvilon.
  6312 | D:8      | Found an iron altar of Okawaru.
  6362 | D:8      | Reached skill level 9 in Unarmed Combat
  6376 | D:8      | Noticed a troll
  6385 | D:8      | Killed a troll
  6547 | D:8      | Found a staircase to the Lair.
  7380 | D:8      | Reached skill level 10 in Unarmed Combat
  7787 | D:8      | Paralysed by a hornet for 1 turns
  7794 | D:8      | Paralysed by a hornet for 2 turns
  7801 | D:8      | HP: 1/80 [hornet (11)]
  7803 | D:8      | Paralysed by a hornet for 3 turns
  7804 | D:8      | Slain by a hornet

Skill      XL: |  1  2  3  4  5  6  7  8  9 |
---------------+----------------------------+-----
Dodging        | 3 4 5 6 7 8 |  8.9
Unarmed Combat | 4 5 6 7 8 10 | 10.4
Fighting       | |  2.4
Stealth        | |  1.0

Action                   |  1- 3 |  4- 6 |  7- 9 || total
-------------------------+-------+-------+-------++-------
Melee: Unarmed           |    89 |   132 |   304 ||   525
       Punch             |     2 |     6 |    12 ||    20
Evoke: Wand              |       |       |     4 ||     4
  Use: Scroll            |       |     3 |     4 ||     7
       Potion            |       |     1 |     4 ||     5
 Stab: Sleeping          |       |     2 |     2 ||     4
       Invisible         |       |       |     1 ||     1
  Eat: Chunk             |    15 |    15 |    43 ||    73
       Bread ration      |       |     2 |       ||     2
Armor: Robe              |    30 |    54 |    76 ||   160
Dodge: Dodged            |    60 |    81 |   239 ||   380
